[Event "5th Sharjah Masters 2022"]
[Site "Sharjah"]
[Date "2022.05.23"]
[Round "3.35"]
[White "Vogt, Lothar"]
[Black "Jumabayev, Rinat"]
[Result "0-1"]
[ECO "B70"]
[WhiteElo "2365"]
[BlackElo "2628"]
[Annotator "TA"]
[PlyCount "48"]
[EventDate "2022.05.21"]
[EventType "swiss"]
[EventCountry "UAE"]
[SourceTitle "playchess.com"]
[Source "ChessBase"]
[SourceQuality "1"]
[TimeControl "5400+30"]

1. e4 c5 2. Nc3 d6 3. Nge2 Nc6 4. g3 g6 5. d4 cxd4 6. Nxd4 Bg7 7. Nb3 Nf6 8. Bg2 O-O 9. O-O a6 {[%emt 0:00:27][%cal Ba7a6,Ba6b5,Bb5b4][%mdl 32] B70: Sicilian Dragon: 6 g3 and 6 Be2 (without a later Be3).} 10. h3 Rb8 $5 {[%emt 0:08:20][%mdl 4] Leaves trodden paths.} 11. a4 b5 {[%emt 0:03:32] The position is equal.} 12. axb5 axb5 {[%emt 0:00:02] [#]} 13. Bg5 $146 ({Predecessor:} 13. Nd5 Nd7 14. c3 Nde5 15. Nd4 Bd7 16. Nxc6 Bxc6 17. Nb4 Bb7 18. Qe2 Qd7 19. Rd1 {1-0 (53) Onischuk,V (2633)-Vidit,S (2726) Chess.com INT 2020}) 13... b4 14. Nd5 Nd7 15. Ra2 (15. Na5 {feels hotter.} Nde5 16. f4 Rb5 17. Nb3) 15... h6 $36 {[%emt 0:01:34][%mdl 2048] Black fights for an advantage.} 16. Be3 e6 17. Nf4 Nb6 18. Qe2 Qc7 19. Rd1 Bd7 20. Nd4 $2 {[%emt 0:04:01] White does not recover from this.} (20. Rda1 $11 {and White has nothing to worry.}) 20... Nxd4 $19 21. Bxd4 Bxd4 22. Rxd4 {[%emt 0:00:16] [#]} e5 $1 23. Nd5 (23. Rxb4 {was called for.} exf4 24. gxf4) 23... Nxd5 24. Rxd5 Be6 {[%emt 0:00:08] Weighted Error Value: White=0.47/Black=0.02 (flawless)} 0-1

[Event "5th Sharjah Masters 2022"]
[Site "Sharjah"]
[Date "2022.05.23"]
[Round "3.36"]
[White "Mastrovasilis, Dimitrios"]
[Black "Saeed, Ishaq"]
[Result "1-0"]
[ECO "C84"]
[WhiteElo "2613"]
[BlackElo "2397"]
[Annotator "TA"]
[PlyCount "151"]
[EventDate "2022.05.21"]
[EventType "swiss"]
[EventCountry "UAE"]
[SourceTitle "playchess.com"]
[Source "ChessBase"]
[SourceQuality "1"]
[TimeControl "5400+30"]

1. e4 e5 2. Nf3 Nc6 3. Bb5 a6 4. Ba4 Nf6 5. Nc3 b5 6. Bb3 Be7 7. O-O {[%emt 0:01:07] 7.a4 gains popularity.} Bb7 8. d3 O-O 9. a3 {[%emt 0:05:23] C84: Closed Ruy Lopez: Unusual White 6th moves.} Nd4 10. Nxd4 exd4 11. Ne2 {[%emt 0:00:30] The position is equal.} c5 12. Ng3 d5 13. e5 Nd7 14. f4 c4 15. Ba2 f5 {[%emt 0:01:42] [#]} 16. Kh1 $146 ({Predecessor:} 16. Ne2 Bc5 17. Kh1 Nb8 18. Bd2 Nc6 19. Be1 Bc8 20. Rf3 Qe7 21. Bf2 Be6 22. Qg1 {½-½ (65) Pepene,I (2418)-Rombaldoni,D (2406) ICCF email 2018}) 16... Nc5 17. Qf3 (17. Ne2 $5 ) 17... Qb6 18. Ne2 Ne6 19. Qf2 Rac8 20. b4 a5 21. c3 axb4 22. axb4 cxd3 23. Nxd4 {[%emt 0:00:26] aiming for Be3.} Rxc3 (23... Nxd4 $2 24. Be3 $18) 24. Be3 Kh8 $1 25. Nxf5 Qd8 (25... d4 $1 $11 {keeps the balance.} 26. Nxd4 Bh4 27. Nxe6 (27. Qxh4 Nxd4 28. Rac1 Rxc1 $11) 27... Bxf2 28. Bxb6 Bxb6 29. Nxf8 Rc2) 26. Nd4 Nxd4 (26... Bc8 $16) 27. Bxd4 $18 Rc2 28. Qg3 Bc8 29. Bb3 (29. Qxd3 $6 Bf5 30. Qe3 (30. Qxb5 Be4 $11) 30... Be4 $16) 29... Rc4 30. Qxd3 (30. Bxc4 $18 dxc4 31. Bc3 (31. Ra7 Qxd4 32. Rxe7 Rg8 $17)) 30... Bf5 $16 31. Qe3 Rxb4 32. Ra7 {[%emt 0:01:03][%cal Ba1a7,Ba7c7,Bc7d7][%mdl 32] White is more active.} Re8 (32... Be4 $16 {keeps fighting.}) 33. Qc3 $18 Be4 (33... h6 $142 34. e6 Rxd4 35. Qxd4 Bxe6) 34. e6 Rxd4 35. Qxd4 Bf6 36. Qc5 Rxe6 37. Rc7 {[%emt 0:02:29] And now Rc8 would win.} (37. Qxb5 Re8 38. Rd7 Qc8) 37... Re8 {[%emt 0:00:42][%cal Ob5b4] [#]} 38. Rc1 $1 $36 {[%emt 0:00:33][%mdl 2048] Keeping Black busy.} ({Don't take} 38. Qxb5 $6 Bd3 39. Qxd3 Qxc7 $16) 38... h6 39. Qxb5 Kh7 (39... Qa8 $142 40. Bc2 d4 41. Bxe4 Qxe4) 40. Rd7 Qa8 (40... Qb8 $142 41. Qxb8 Rxb8 42. Bxd5 Bf5) 41. Bxd5 Bxd5 42. Qxd5 ({Less strong is} 42. Rxd5 Rf8 43. Qc4 Bb2 $18) 42... Qa3 43. Qd3+ Qxd3 44. Rxd3 {[%emt 0:00:04][%mdl 4096] Endgame KRR-KRB} Re4 45. Rf3 Ra4 46. Rf2 Bd4 47. Re2 Bf6 48. g3 Ra3 49. Kg2 Rb3 (49... Ra5 {is a better defense.} 50. Rc6 Ra3) 50. Rc5 Ra3 51. Kh3 Rb3 52. Rd5 Ra3 53. Kg4 Kg6 54. Red2 Rb3 55. h4 Ra3 $2 (55... h5+ 56. Kh3 Be7) 56. h5+ Kh7 57. R2d3 Ra8 58. Kf5 Rf8 59. Ke4 Re8+ 60. Kf3 Rf8 61. Rb3 {[%emt 0:00:16] Black must now prevent Kg4.} Rf7 62. Rdb5 {[%emt 0:00:55] Intending Rb7 and mate.} Rd7 63. Rb8 Rc7 64. Kg4 Bd4 65. Rd3 (65. R3b7 $142 Rc3 66. Rd8) 65... Bf6 66. Ra8 (66. Rd6 $142 Bc3 67. Rdd8) 66... Rb7 67. Rda3 {[%emt 0:00:24] Hoping for R3a7.} Bd4 {[%emt 0:00:30] Prevents R3a7.} 68. Rc8 Bf6 69. f5 {[%emt 0:00:31] Threatening mate with Raa8.} Rb4+ 70. Kh3 {[%emt 0:00:17] White mates.} Be7 71. Raa8 g5 72. hxg6+ Kg7 73. Rc7 Re4 74. Re8 Kf6 {[%emt 0:00:10] [#]} 75. Rexe7 $1 Rxe7 76. Rxe7 {[%emt 0:00:07] Weighted Error Value: White=0.16 (very precise) /Black=0.30} 1-0

[Event "5th Sharjah Masters 2022"]
[Site "Sharjah"]
[Date "2022.05.23"]
[Round "3.37"]
[White "Begmuratov, Khumoyun"]
[Black "Adly, Ahmed"]
[Result "0-1"]
[ECO "B27"]
[WhiteElo "2384"]
[BlackElo "2596"]
[Annotator "TA"]
[PlyCount "130"]
[EventDate "2022.05.21"]
[EventType "swiss"]
[EventCountry "UAE"]
[SourceTitle "playchess.com"]
[Source "ChessBase"]
[SourceQuality "1"]
[TimeControl "5400+30"]

1. e4 c5 2. c3 g6 3. d4 Bg7 4. Nf3 Nf6 5. e5 Nd5 6. dxc5 {[%emt 0:02:38] B27: Sicilian: 2 Nf3, unusual Black 2nd moves.} Nc7 7. Bc4 Nc6 8. Bf4 {[%emt 0:01:05] [#] White is better.} Na5 $146 ({Predecessor:} 8... O-O 9. O-O Ne6 10. Bxe6 fxe6 11. Bg3 Qc7 12. Re1 b6 13. cxb6 axb6 14. b4 Bb7 {0-1 (34) Gomis,R (1697)-Becker,A (2133) Winterberg 2004}) 9. Bd5 Nxd5 10. Qxd5 Nc6 11. O-O b6 12. cxb6 (12. Rd1 {looks sharper.} O-O 13. Nbd2 Ba6 14. cxb6 Qxb6 15. Rab1) 12... Qxb6 13. Qd2 h6 (13... Bb7 $142) 14. Re1 Nd8 15. c4 Bb7 16. Re3 (16. Nc3 $16) 16... Ne6 $14 17. Bg3 (17. Rb3 $5 Qc7 18. Na3 $14) 17... Qc6 18. Qd3 g5 (18... Rc8 $14) 19. Nc3 $16 h5 {[%emt 0:00:26] ...h4 is the strong threat.} 20. h4 $1 Bh6 21. Re2 $1 Nc5 22. Qf5 (22. Qd1 $1 $16) 22... Qe6 {[%emt 0:00:46] Prevents Nd5.} ({Black should play} 22... Ne6 $1 $14) 23. Qxe6 Nxe6 24. Nd5 Rc8 25. b3 g4 26. Ne1 Nd4 27. Re4 Nf5 28. Rd1 Bg7 29. Re2 $1 e6 30. Nf4 (30. Nf6+ $16 Bxf6 31. exf6) 30... Bf8 $14 31. Red2 (31. Nc2 $1 $14) 31... Rc7 32. Nc2 Bc5 33. Kh2 a6 34. Rh1 Be7 35. Kg1 (35. Ne3 $14) 35... Be4 ({Better is} 35... Bc5 $11 36. Kh2 Bc6) 36. Ne3 (36. Re2 $14 Bc5 37. Kh2 (37. Rxe4 $2 Nxg3 38. Re2 Nxe2+ 39. Nxe2 d6 $19)) 36... Nxg3 $15 37. fxg3 Rc5 38. Nd3 (38. Kh2 $15) 38... Bxd3 $17 39. Rxd3 Rxe5 40. Kf2 Bc5 41. Ke2 Ke7 42. Kd2 Rd8 43. Rf1 (43. Rc1 $17) 43... d5 $19 44. Nc2 Rd6 45. Rf4 f5 46. b4 dxc4 47. Rxc4 {[%emt 0:00:04] [#]} Rxd3+ $1 48. Kxd3 {[%emt 0:00:01][%mdl 4096] Endgame [#] KRB-KRN} Bf2 49. a4 Kd7 {[%emt 0:00:33] Inhibits Rc6.} ({Wrong is} 49... Bxg3 $2 50. Nd4 Rd5 51. Ke2 $19) 50. Na1 $2 (50. Rc3 Bxg3 51. Nd4) 50... Re3+ 51. Kc2 Rxg3 52. b5 axb5 53. axb5 Rxg2 54. Nb3 g3 {[%emt 0:00:30] ( -> ...Rh2)} 55. Kd3 Bb6 (55... Rh2 $142 56. Ke2 Bb6+ 57. Kf3 g2) 56. Rc6 {[%emt 0:00:18] [#]} Rb2 $1 57. Rxb6 (57. Nd4 g2) 57... Rxb3+ {[%emt 0:00:09] KR-KR. Black mates.} 58. Kc4 Re3 59. Rb7+ Kd6 60. b6 Kc6 61. Rb8 g2 62. Rg8 Re4+ 63. Kd3 Rg4 64. Rc8+ Kxb6 65. Rb8+ Kc7 {[%emt 0:23:32] What a bad dream for White.  Weighted Error Value: White=0.65/Black=0.15 (very precise)} 0-1

[Event "5th Sharjah Masters 2022"]
[Site "Sharjah"]
[Date "2022.05.23"]
[Round "3.38"]
[White "Gharibyan, Mamikon"]
[Black "Injac, Teodora"]
[Result "1-0"]
[ECO "E51"]
[WhiteElo "2487"]
[BlackElo "2384"]
[Annotator "TA"]
[PlyCount "133"]
[EventDate "2022.05.21"]
[EventType "swiss"]
[EventCountry "UAE"]
[SourceTitle "playchess.com"]
[Source "ChessBase"]
[SourceQuality "1"]
[TimeControl "5400+30"]

1. d4 Nf6 2. c4 e6 3. Nf3 d5 4. Nc3 Bb4 5. e3 O-O 6. Bd2 Nbd7 7. Rc1 {[%emt 0:12:05] now supersedes 7.Bd3. E51: Nimzo-Indian: Rubinstein: 4...0-0 5 Nf3 d5.} c6 8. Bd3 Qe7 9. O-O {[%emt 0:06:42] The position is equal.} dxc4 10. Bxc4 e5 11. Qc2 Bxc3 12. Bxc3 ({Much weaker is} 12. bxc3 e4 13. Ne1 b5 $11) 12... e4 13. Ne5 Nb6 14. Be2 $36 {[%emt 0:01:40][%mdl 2048] White has some pressure.} Bf5 {[%emt 0:09:29] [#]} 15. Bd2 $146 ({Predecessor:} 15. Qd2 Nfd5 16. Rfe1 f6 17. Nc4 Be6 18. b3 f5 19. Bb2 f4 20. Ba3 Qg5 21. Bf1 {½-½ (114) Zakhartsov,V (2506)-Predke,A (2683) Cheboksary 2021}) 15... Nfd5 16. a4 a5 17. Qd1 ({Better is} 17. g4 $14 Bc8 18. Qxe4) 17... Nb4 (17... Nd7 $11) 18. Rc5 $16 N6d5 19. Bxb4 axb4 20. a5 {[%emt 0:00:52][%cal Oa5a6] Hoping for a6!} f6 21. Nc4 Be6 22. f3 (22. Qc2 $16) 22... Bf5 23. f4 Be6 24. Qe1 Ra7 25. Qg3 Rfa8 26. Rc1 Kh8 27. Qe1 Qd8 28. Bd1 Qe7 29. Bc2 Bf7 30. Nb6 Nxb6 31. axb6 Ra6 32. Qxb4 Qd8 33. Qc3 (33. Bxe4 $2 Qe8 34. Bf3 (34. d5 $2 Ra4 $19) 34... Qxe3+ 35. Kh1 Ra1 $17) 33... Rxb6 34. Bxe4 Rb3 $1 35. Qd2 Qe7 36. Bd3 Bd5 37. R5c3 Rb4 38. Re1 Ra2 39. Rc2 Bb3 40. Rc5 Rb6 (40... Raa4 $142) 41. Ra5 (41. Qc3 $1 $16) 41... Qb4 42. Qxb4 Rxb4 43. Rxa2 {[%emt 0:00:53] White is more active.} Bxa2 $14 {[%emt 0:00:01][%mdl 4096] Endgame KRB-KRB} 44. Re2 {[%emt 0:00:26][%cal Ob2b3] Strongly threatening b3!} g6 45. g4 Kg7 46. Kf2 {[%emt 0:00:01][%cal Ob2b3] aiming for b3!} Kf8 $2 (46... Bc4 $14 47. Bxc4 Rxc4) 47. h4 $2 (47. b3 $1 $18 Rxb3 48. Bc4 (48. Rxa2 Rxd3 49. Rb2 b5 $16)) 47... Ke7 $2 (47... Be6 $14) 48. h5 $2 (48. b3 $1 $18) 48... gxh5 49. gxh5 h6 {[%emt 0:00:17] [#]} (49... Be6 $1 $14) 50. b3 $1 $18 Bxb3 51. Rb2 {[%emt 0:00:01] And now Ke1 would win.} Kd6 52. Bc2 Bxc2 53. Rxb4 {[%emt 0:00:05] KR-KB} b5 54. Rb2 Be4 55. Ke2 {[%emt 0:00:42] Ra2 is the strong threat.} Kd5 56. Kd2 ({White should try} 56. Rb4 $18) 56... Kc4 $16 57. Ra2 b4 {[%emt 0:00:42] [#]} 58. Ra8 ({White should play} 58. Ra4 $1 $16) 58... Kb3 $2 (58... b3 $14 59. Rb8 Bf3) 59. Rb8 (59. Re8 $142 Bf3 60. Rh8) 59... Ka3 (59... Kc4 $142 60. Re8 f5) 60. Kc1 Kb3 61. Kd2 ({Not} 61. Rh8 Kc3 $16) (61. Re8 $142 Bf3 62. e4) 61... Ka3 $1 $18 62. Re8 f5 63. Rh8 Ka2 64. Rxh6 {[%emt 0:00:32] White mates.} b3 65. Rh8 b2 66. Ra8+ Kb3 67. Rb8+ {[%emt 0:00:04] Weighted Error Value: White=0.46/Black=0.28 (precise)} 1-0

[Event "5th Sharjah Masters 2022"]
[Site "Sharjah"]
[Date "2022.05.23"]
[Round "3.39"]
[White "Mammadzada, Gunay"]
[Black "Farahat, Ali"]
[Result "1/2-1/2"]
[ECO "C89"]
[WhiteElo "2454"]
[BlackElo "2381"]
[Annotator "TA"]
[PlyCount "58"]
[EventDate "2022.05.21"]
[EventType "swiss"]
[EventCountry "UAE"]
[SourceTitle "playchess.com"]
[Source "ChessBase"]
[SourceQuality "1"]
[TimeControl "5400+30"]

1. e4 e5 2. Nf3 Nc6 3. Bb5 a6 4. Ba4 Nf6 5. O-O Be7 6. Re1 b5 7. Bb3 O-O 8. c3 d5 9. exd5 Nxd5 10. Nxe5 Nxe5 11. Rxe5 c6 12. d3 Bd6 13. Re1 Bf5 14. Qf3 Qh4 {[%emt 0:02:15] C89: Closed Ruy Lopez: Marshall Attack.} 15. g3 ({Much worse is} 15. Bxd5 Bxh2+ 16. Kf1 Bg4 $17) 15... Qh3 16. Bxd5 cxd5 {[%emt 0:00:09] White is slightly better.} 17. Be3 Bxd3 {[%emt 0:09:11] [#] ...Be4 is the strong threat.} 18. Nd2 {[%emt 0:04:07][%cal Bb1d2,Bd2b3,Bb3d4][%mdl 32] Inhibits Be4.} Qf5 {[%emt 0:14:48] The position is equal.} 19. Qxf5 Bxf5 {[%emt 0:00:03] A strong pair of Bishops.} 20. Nb3 {[%emt 0:00:09] [#]} Rfc8 $146 {[%emt 0:04:47] Against Bc5} ({Predecessor:} 20... Rfe8 21. Bc5 Bc7 22. f3 h5 23. Kf2 Rac8 24. Rxe8+ Rxe8 25. Rd1 Be6 26. Nd4 Rc8 {1-0 (47) Gadimbayli,A (2414)-Kravtsiv,M (2628) Konya 2019}) 21. Nd4 Bd7 22. a3 a5 23. Bf4 Bc5 24. Re5 Bxd4 25. Rxd5 {[%emt 0:03:22] [#]} Bxc3 $1 26. bxc3 Bc6 27. Rc5 Bd7 28. Rd5 Bc6 29. Rc5 Bd7 {[%emt 0:00:06] Weighted Error Value: White=0.05 (flawless) /Black=0.06 (flawless)} 1/2-1/2

[Event "5th Sharjah Masters 2022"]
[Site "Sharjah"]
[Date "2022.05.23"]
[Round "3.40"]
[White "Hesham, Abdelrahman"]
[Black "Ammar, Sedrani"]
[Result "1-0"]
[ECO "B12"]
[WhiteElo "2412"]
[BlackElo "2255"]
[Annotator "TA"]
[PlyCount "79"]
[EventDate "2022.05.21"]
[EventType "swiss"]
[EventCountry "UAE"]
[SourceTitle "playchess.com"]
[Source "ChessBase"]
[SourceQuality "1"]
[TimeControl "5400+30"]

1. e4 c6 2. d4 d5 3. e5 Bf5 4. Nf3 e6 5. Be2 c5 6. Be3 Qb6 7. Nc3 c4 {[%emt 0:02:56] B12: Caro-Kann: Advance Variation.} (7... Qxb2 8. Nb5 $16) 8. Rb1 Bb4 9. O-O Bxc3 {[%emt 0:00:54] White has an edge.} 10. bxc3 Qc7 11. Nh4 Ne7 12. g4 Bg6 13. f4 Be4 14. f5 $36 {[%emt 0:00:54][%cal Oe2d3][%mdl 2048] White fights for an advantage.} Nbc6 15. f6 gxf6 16. Rxf6 Rg8 17. Qd2 {[%emt 0:02:44] [#]} Ng6 $146 {[%emt 0:02:12] [#]} (17... Qa5 $11 {keeps the balance.}) ({Predecessor:} 17... Qa5 18. Rxb7 Rb8 19. Rxb8+ Nxb8 20. Rf1 Qxa2 21. Bd1 Nbc6 22. Ng2 Ng6 23. Qf2 Nd8 24. Bg5 Qa3 25. Qd2 Nc6 26. Qf2 Nd8 27. Qd2 Nc6 28. Qf2 {½-½ (29) Brkic,A (2600)-Ruck,R (2530) Mali Losinj 2019}) 18. Nf3 $1 $16 Bxf3 19. Rxf3 h5 (19... O-O-O $16) 20. gxh5 $18 Nh4+ 21. Rg3 O-O-O 22. Bg5 Nf5 23. Rg2 ({Less strong is} 23. Bxd8 Nxg3 24. hxg3 (24. Bxc7 $2 Ne4+ 25. Bg4 Nxd2 $19) 24... Nxd8 $14) 23... Nce7 24. Bg4 Rdf8 25. Bf6 {[%emt 0:00:55] Prevents Rh8.} Qa5 26. Kh1 Qxa2 (26... Rh8 $142 27. Rf1 a6 28. Bxe7 Nxe7 29. Rxf7 Rxf7 30. Bxe6+ Kb8 31. Bxf7 Qxa2) 27. Rbg1 Kc7 28. Bxf5 Rxg2 29. Rxg2 Nxf5 30. h4 {[%emt 0:00:14] Strongly threatening h6.} Qb1+ 31. Kh2 $2 (31. Rg1 $18 Qb2 32. h6 Nxh6 33. Qxh6 Qxc3 34. Rg2 Qh3+ 35. Kg1) 31... Qf1 $11 32. Rf2 {[%emt 0:05:05] Against Qf3} Qb1 33. h6 Rg8 {[%emt 0:00:15] ( -> ...Qg1+)} 34. Bg7 Kc6 {[%emt 0:03:16] [#]} (34... a5 $11) 35. Rxf5 $1 $16 exf5 36. Qf2 {[%emt 0:00:02] Black must now prevent h7.} ({But not} 36. h7 $2 Rxg7 37. Qh6+ Rg6 38. Qxg6+ fxg6 $19) 36... Qb6 $2 (36... Rb8 $16) 37. h7 Qd8 (37... Re8 $142 38. h8=Q Rxh8) 38. Bf6 $18 Qf8 39. Qxf5 {[%emt 0:01:30] aiming for h5.} a5 40. e6 {[%emt 0:01:38] Weighted Error Value: White=0.22 (precise) /Black=0.81} 1-0

[Event "5th Sharjah Masters 2022"]
[Site "Sharjah"]
[Date "2022.05.24"]
[Round "4.1"]
[White "Gupta, Abhijeet"]
[Black "Iskandarov, Misratdin"]
[Result "1-0"]
[ECO "E71"]
[WhiteElo "2606"]
[BlackElo "2601"]
[Annotator "TA"]
[PlyCount "67"]
[EventDate "2022.05.21"]
[EventType "swiss"]
[EventCountry "UAE"]
[SourceTitle "playchess.com"]
[Source "ChessBase"]
[SourceQuality "1"]
[TimeControl "5400+30"]

1. d4 Nf6 2. c4 g6 3. Nc3 Bg7 4. e4 d6 5. h3 O-O 6. Be3 e5 7. d5 Na6 8. g4 {[%emt 0:00:54] E71: King's Indian: 4 e4 d6 5 h3.} Nc5 9. f3 a5 10. Qd2 {[%emt 0:00:23] White is slightly better.} Nfd7 (10... c6 $14) 11. h4 f5 12. gxf5 gxf5 13. exf5 {[%emt 0:00:04] [#]} Rxf5 $146 ({Predecessor:} 13... Nf6 14. h5 Bxf5 15. h6 Bh8 16. Bxc5 dxc5 17. Qg5+ Bg6 18. Bh3 Re8 19. Bf5 Kf7 {1-0 (36) Teplyi,I (2404)-Rostgaard,T (2416) Odense 2018}) 14. O-O-O a4 15. Nh3 Kh8 (15... Rxf3 $16 16. Ng5 Rf8) 16. Ng5 $18 Qf8 (16... e4 {is a better defense.}) 17. Rg1 Nb6 18. Bxc5 dxc5 19. Bd3 Rf4 20. Nxh7 Qe7 21. Ng5 Nxc4 $2 (21... Bd7 22. Nce4 a3) 22. Bxc4 Rxc4 23. Qd3 {[%emt 0:00:47][%csl Gg5][%cal Rd3h7] [#]} Rxh4 24. d6 cxd6 25. Nd5 Qe8 26. Rh1 Qh5 27. Rxh4 {[%emt 0:00:38][%mdl 64] [#] Deflection} Qxh4 28. Qg6 {[%emt 0:00:45] Qe8+ would kill now.} Bd7 {[%emt 0:09:45] Prevents Qe8+.} (28... Qh6 $2 29. Qe8+ Bf8 30. f4) (28... Be6 $18 29. Nxe6 Qh6+ 30. Qxh6+ Bxh6+ 31. Kb1 Kg8) 29. Nf7+ {[%emt 0:03:37] Pair of Knights!} Kg8 30. Rg1 Qc4+ 31. Kb1 Bf5+ 32. Qxf5 Qxd5 33. Nh6+ Kh8 34. Qg6 {[%emt 0:00:28] White took control after the opening.  Weighted Error Value: White=0.21 (precise) /Black=0.83} 1-0

[Event "5th Sharjah Masters 2022"]
[Site "Sharjah"]
[Date "2022.05.24"]
[Round "4.2"]
[White "Idani, Pouya"]
[Black "Salem, A.R. Saleh"]
[Result "0-1"]
[ECO "C88"]
[WhiteElo "2635"]
[BlackElo "2690"]
[Annotator "TA"]
[PlyCount "110"]
[EventDate "2022.05.21"]
[EventType "swiss"]
[EventCountry "UAE"]
[SourceTitle "playchess.com"]
[Source "ChessBase"]
[SourceQuality "1"]
[TimeControl "5400+30"]

1. e4 e5 2. Nf3 Nc6 3. Bb5 a6 4. Ba4 Nf6 5. O-O Be7 6. Re1 b5 7. Bb3 O-O 8. d4 Nxd4 9. Bxf7+ Rxf7 10. Nxe5 Rf8 11. Qxd4 c5 {[%emt 0:00:09] C88: Closed Ruy Lopez: Anti-Marshall Systems.} 12. Qd1 Qc7 13. Nf3 Bb7 {[%emt 0:00:34] The position is equal.} 14. Nc3 b4 15. Nd5 Nxd5 16. exd5 Bf6 {[%emt 0:00:04] [#]} 17. Qd2 $146 (17. Ng5 $11) ({Predecessor:} 17. Ng5 Qd6 18. Qd3 Bxg5 19. Bxg5 Qxd5 20. Qxd5+ Bxd5 21. Re5 Be6 22. Be7 Rf5 23. Rxc5 Rxc5 24. Bxc5 {½-½ (48) Milov,L (2463)-Braeuer,F (2429) Germany 2019}) 17... Rae8 $36 {[%emt 0:09:05][%mdl 2048] Black is pushing.} 18. Rd1 a5 19. c4 bxc3 20. bxc3 Ba6 {[%emt 0:01:09] Against Qd3} 21. d6 Qc6 {[%emt 0:04:29] Strongly threatening ...Be2.} 22. Ba3 (22. Re1 $1 $15) 22... Re2 $1 $17 23. Qd5+ (23. Qc1 $17 {is the only way for White.}) 23... Qxd5 $19 24. Rxd5 Bxc3 25. Rb1 c4 ({Weaker is} 25... Rxa2 26. Bxc5 Bb7 27. Rdd1) 26. Rc1 Bb7 27. Rdd1 {[%emt 0:08:00] [#]} Bf6 {[%emt 0:00:45] This bishop pair is nice.} ({And not} 27... Bxf3 28. Rxc3 Bh5 29. Bc5 $17) 28. Rxc4 Rxa2 29. Bc1 Ra1 30. Nd4 Rb1 {[%emt 0:10:14] Against Nb3} 31. Nc2 Bc6 32. Na3 Ra1 {[%emt 0:00:07][%cal Of6b2] And now ...Bb2! would win.} 33. Nc2 Rb1 34. Na3 Rb3 35. h3 Rfb8 36. Nc2 Rb1 37. Na3 Ra1 {[%emt 0:00:06] White must now prevent ...Bb2.} 38. Nc2 Ra4 39. Rc5 {[%emt 0:00:27] [#]} Rb1 $1 40. Rf1 Rb5 41. Rxb5 Bxb5 42. Re1 Ra2 43. Na3 Be2 44. Nb1 Bd3 45. Nd2 a4 46. g4 Rc2 {[%emt 0:02:36] ...Bc3 is the strong threat.} 47. Nf3 Be2 48. Kg2 h6 49. Nd2 Bb5 {[%emt 0:00:36] Black is clearly winning.} 50. Nb1 Bc6+ 51. Kg3 Bd4 52. Be3 Bb2 53. Nd2 (53. g5 $142) 53... a3 54. Nb3 Be5+ 55. f4 {[%emt 0:00:49] [#]} g5 $1 {[%emt 0:00:39] Weighted Error Value: White=0.45/Black=0.11 (very precise)} 0-1

[Event "5th Sharjah Masters 2022"]
[Site "Sharjah"]
[Date "2022.05.24"]
[Round "4.3"]
[White "Yilmaz, Mustafa"]
[Black "Sarana, Alexey"]
[Result "1-0"]
[ECO "D38"]
[WhiteElo "2631"]
[BlackElo "2675"]
[Annotator "TA"]
[PlyCount "109"]
[EventDate "2022.05.21"]
[EventType "swiss"]
[EventCountry "UAE"]
[SourceTitle "playchess.com"]
[Source "ChessBase"]
[SourceQuality "1"]
[TimeControl "5400+30"]

1. d4 Nf6 2. c4 e6 3. Nf3 d5 4. Nc3 Bb4 5. Qa4+ Nc6 6. e3 O-O 7. Qc2 {[%emt 0:00:07] D38: Queen's Gambit Declined: Ragozin Defence (4 Nf3 Bb4).} Re8 8. Bd2 Bf8 {[%emt 0:00:19] 8...Bf8 scores better than 8...a6.} 9. Be2 {[%emt 0:01:22] The position is equal.} Nb4 10. Qb1 dxc4 11. Bxc4 b6 12. O-O Bb7 13. Rd1 {[%emt 0:01:06] [#]} c5 $146 ({Predecessor:} 13... Qc8 14. a3 Nbd5 15. Bd3 c5 16. dxc5 Qxc5 17. Nxd5 Qxd5 18. Bc3 Qh5 19. Bxf6 Bxf3 20. gxf3 gxf6 {½-½ (33) Carlsen,M (2863)-Ding,L (2791) chess24.com INT 2020}) 14. dxc5 bxc5 15. a3 Nc6 16. Bd3 h6 17. Ne4 Nxe4 18. Bxe4 Qb6 19. Bc3 Red8 20. Qc2 Rac8 21. Qa4 Rxd1+ (21... Nd4 $5) 22. Rxd1 Rd8 23. Rxd8 Nxd8 24. Bxb7 Qxb7 25. Ne5 f6 26. Ng6 Kf7 {[%emt 0:00:55] [#]} 27. Nh8+ (27. h4 $1 $14) 27... Kg8 $11 28. Ng6 Kf7 29. Nxf8 (29. Nf4 {seems wilder.} Bd6 30. Nh5 Kf8 31. h4) 29... Kxf8 $14 {[%emt 0:00:02][%mdl 4096] Endgame KQB-KQN} 30. h3 a6 31. Qa5 $36 {[%emt 0:01:10][%mdl 2048] White has good play.} Qc8 32. Qb6 Ke8 (32... Kg8 $14) 33. Qa7 $16 {[%emt 0:02:43] White is more active.} Kf8 34. Ba5 Nf7 35. Bc7 c4 36. Qc5+ Kg8 37. Qxc4 Nd6 {[%emt 0:00:24] [#]} 38. Qc5 Nb5 39. Bb6 Qd7 40. Qc2 Qd5 $2 {[%emt 0:00:18] This costs Black the game.} (40... Qb7 $16) 41. Qc8+ $18 Kh7 {[%emt 0:00:26] And now ...Qd1+ would win.} 42. Qxa6 Qb3 43. a4 Nd6 44. Bd4 Ne4 (44... Qd1+ 45. Kh2 Ne4 46. Qxe6 Nd2 47. Qf5+ Kh8) 45. a5 ({Less strong is} 45. f3 e5 $18) 45... Qc2 46. Qf1 {[%emt 0:00:14] Black must now prevent a6.} e5 47. Bc3 h5 48. a6 Kh6 49. Ba5 Qxb2 50. a7 Qb7 51. Bb6 h4 {[%emt 0:00:00] [#]} (51... Nd6 $142 52. Qa1 Qa8) 52. Qa1 $1 Qa8 53. Qa4 g5 54. Qd7 Kg6 55. Qd8 {[%emt 0:01:12] Weighted Error Value: White=0.15 (very precise) /Black=0.33} 1-0